AoeStats
← cerast

Arabia

504472391Analyzed
1v1 RM · 27d ago on Sep 5, 2026· 40m 20s· 2 players
Game mode
Random Map
Map size
Tiny (2 player)
Population
200
Speed
Normal
Resources
Standard
Victory
Conquest
Starting age
Dark Age
Ending age
Imperial Age
RankedLock teamsTeams togetherTeam positionsShared explorationLock speedFull tech treeHidden civsTurbo modeCheats
Victory
Defeat
🇧🇷 Poles · Brazil
1199
+16
🇨🇳 Goths · China
1203
-16
antoniomarcial
6:45 Loom
8:56 Feudal Age
9:45 Double-Bit Axe
11:11 Horse Collar
16:56 Wheelbarrow
20:32 Castle Age
19:37 Gold Mining
20:50 Bloodlines
24:16 Heavy Plow
24:38 Stone Mining
26:00 Forging
25:57 Scale Barding Armor
28:13 Stone Shaft Mining
27:20 Elite Skirmisher
29:38 Hand Cart
34:29 Imperial Age
33:15 Iron Casting
33:53 Scale Mail Armor
35:33 Conscription
35:50 Cavalier
38:00 Bow Saw
39:01 Chain Mail Armor
39:46 Blast Furnace
41:10 Chain Barding Armor
cerast
6:26 Loom
9:21 Feudal Age
9:52 Double-Bit Axe
12:03 Town Watch
17:10 Fletching
20:28 Castle Age
18:24 Man-at-Arms
19:33 Scale Mail Armor
20:31 Horse Collar
20:37 Long Swordsman
22:04 Wheelbarrow
21:54 Chain Mail Armor
22:26 Pikeman
24:28 Squires
25:19 Bow Saw
30:55 Hand Cart
30:54 Heavy Plow
31:21 Gold Mining
32:36 Forging
32:55 Stone Mining
34:19 Iron Casting
35:07 Bodkin Arrow
38:15 Imperial Age
38:21 Halberdier
38:27 Two-Handed Swordsman
40:16 Perfusion
Connection lost

Rejoining the realm…

Still unreachable

The connection could not be restored.

Session expired

The server has moved on; the page needs a fresh start.